 Dungeon Crawl Stone Soup version 0.23.2-33-g5129a83184 (webtiles) character file.

Game seed: 16225571623301518952

4510 funkygono the Destroyer (level 10, -4/80 HPs)
             Began as a Yellow Draconian Conjurer on July 19, 2019.
             Slain by Sharpo's ghost (16 damage)
             ... on level 9 of the Dungeon.
             The game lasted 00:27:16 (11617 turns).

funkygono the Destroyer (DrCj)                     Turns: 11617, Time: 00:27:18

Health: -4/80      AC:  9    Str: 11    XL:     10   Next: 16%
Magic:  9/21       EV: 15    Int: 18    God:
Gold:   543        SH:  0    Dex: 12    Spells: 13/23 levels left

rFire    . . .     SeeInvis .   n - +1 whip (flame)
rCold    . . .     Gourm    .   (no shield)
rNeg     . . .     Faith    .   (armour unavailable)
rPois    .         Spirit   .   (helmet restricted)
rElec    .         Reflect  .   o - +1 cloak
rCorr    +         Harm     .   (no gloves)
MR       .....                  (no boots)
Stlth    ++........             t - amulet of the acrobat
HPRegen  0.23/turn              (no ring)
MPRegen  0.17/turn              (no ring)

@: no status effects
A: spit acid, unfitting armour, cold-blooded, acid resistance, AC +7
a: Breathe Acid


You were on level 9 of the Dungeon.
You were not hungry.

You visited 2 branches of the dungeon, and saw 10 of its levels.

You collected 543 gold pieces.

Inventory:

Hand Weapons
 a - a +2 whip
 n - a +1 whip of flaming (weapon)
Missiles
 h - 400 stones (quivered)
Armour
 o - a +1 cloak (worn)
Jewellery
 t - an amulet of the acrobat (around neck)
Wands
 l - a wand of polymorph (4)
 p - a wand of random effects (18)
 q - a wand of flame (14)
 s - a wand of paralysis (6)
Scrolls
 d - 6 scrolls of identify
 e - 2 scrolls of teleportation
 j - a scroll of amnesia
 m - 2 scrolls of fog
 u - 3 scrolls of remove curse
Potions
 c - 3 potions of flight
 f - 3 potions of lignification
 g - 8 potions of curing
 i - a potion of brilliance
 k - a potion of invisibility
 r - a potion of mutation
 v - a potion of agility
Comestibles
 b - 22 rations
 w - a chunk of flesh


   Skills:
 + Level 4.5 Fighting
 + Level 4.1 Maces & Flails
 + Level 6.2 Dodging
 + Level 4.1 Stealth
 + Level 7.3 Spellcasting
 + Level 8.9 Conjurations
 + Level 1.6 Hexes


You had 13 spell levels left.
You knew the following spells:

 Your Spells              Type           Power        Failure   Level  Hunger
a - Magic Dart            Conj           ####         1%          1    None
b - Searing Ray           Conj           #####.       1%          2    None
c - Dazzling Spray        Conj/Hex       ####..       3%          3    #......
d - Iskenderun's Mystic   Conj           #####...     2%          4    ###....

Your spell library contained the following spells:

 Spells                   Type           Power        Failure   Level  Hunger
 Infusion                 Chrm           #...         11%         1    None
 Fulminant Prism          Conj/Hex       ####......   12%         4    ###....
 Shroud of Golubria       Chrm/Tloc      #.........   16%         2    None
 Song of Slaying          Chrm           #.......     16%         2    None
 Force Lance              Conj/Tloc      ###.....     17%         4    ###....
 Spectral Weapon          Hex/Chrm       #.......     22%         3    #......
 Regeneration             Chrm/Necr      #.........   30%         3    #......


Dungeon Overview and Level Annotations

Branches:
Dungeon (9/15)             Temple (1/1) D:5            Lair (0/6) D:8
    Orc: D:9-12

Altars:
Ashenzari
Cheibriados
Dithmenos
Elyvilon
Fedhas
Gozag
Hepliaklqana
Kikubaaqudgha
Makhleb
Nemelex Xobeh
Okawaru
Qazlal
Ru
Sif Muna
Trog
Uskayaw
Vehumet
Wu Jian
Yredelemnul
Zin
The Shining One

Annotations:
D:3 2 transporters
D:9 Sharpo's ghost, novice MiGl


Innate Abilities, Weirdness & Mutations

You can spit globs of acid.
Your golden yellow scales are hard. (AC +7)
You cannot fit into any form of body armour.
You are cold-blooded and may be slowed by cold attacks.
You are resistant to acid. (rCorr)


Message History

Sharpo's ghost is lightly damaged.
Sharpo's ghost hits you!
Casting: Dazzling Spray (safe; 3% risk of failure)
Confirm with . or Enter, or press ? or * to list all spells.
Aiming: Dazzling Spray (safe; 3% risk of failure)
Press: ? - help, Shift-Dir - straight line, f/p - Sharpo's ghost
Aim: Sharpo's ghost (lightly damaged)
The spray of energy hits Sharpo's ghost.
Sharpo's ghost is moderately damaged.
Sharpo's ghost hits you! Sharpo's ghost hits you!!
* * * LOW HITPOINT WARNING * * *
You see here an iguana skeleton.
Sharpo's ghost says, "Try not to bleed too much."
Sharpo's ghost mumbles, "They all look like pillowcases to me..."
Sharpo's ghost says, "I'll split you in two!"
Sharpo's ghost opens the door.
There is a stone staircase leading up here.
Sharpo's ghost hits you!
You die...

#.# #... #.# #... #.# #...
#.# #... #.# #... #.# ####
#.# # ####'###### # ########
#..@......# #### .......##
#..W......# #...
######..######.........#
####..)
##.....##.........####......
######..'.........'....##...
###
#.................#######...
.?# #.################# #...
≈:# #... ..# ####


You could see Sharpo's ghost.

Vanquished Creatures
  A two-headed ogre (D:8)
  Pikel (D:8)
  2 hippogriffs
  A spriggan (D:7)
  A wyvern (D:8)
  A hungry ghost (D:7)
  An orc warrior (D:6)
  2 black bears
  2 phantoms (D:6)
  2 ogres
  3 centaurs
  A big kobold (D:8)
  7 bullfrogs
  A scorpion (D:6)
  4 howler monkeys
  A crimson imp (D:6)
  4 hounds
  4 jellies
  A bullfrog skeleton (D:7)
  3 orc priests
  Jessica (D:2)
  6 orc wizards
  7 worker ants
  4 iguanas
  A hound zombie (D:6)
  A hound skeleton (D:7)
  A worker ant zombie (D:6)
  A howler monkey skeleton (D:7)
  11 adders
  A shadow imp (D:8)
  2 oozes
  4 worms
  2 dart slugs
  4 leopard geckos
  18 orcs
  A ball python (D:3)
  7 giant cockroaches
  10 goblins
  6 hobgoblins
  6 jackals
  3 quokkas
  13 bats
  16 frilled lizards
  12 kobolds
  12 rats
193 creatures vanquished.

Vanquished Creatures (others)
  2 slaves (D:8)
  A ball python (D:6)
3 creatures vanquished.

Grand Total: 196 creatures vanquished

Notes
Turn   | Place    | Note
-------+----------+-------------------------------------------
     0 | D:1      | funkygono the Draconian Conjurer began the quest for the
                  | Orb.
     0 | D:1      | Reached XP level 1. HP: 14/14 MP: 3/3
   223 | D:1      | Reached XP level 2. HP: 20/20 MP: 0/5
   280 | D:1      | Learned a level 2 spell: Searing Ray
   971 | D:1      | Reached XP level 3. HP: 26/26 MP: 3/6
  1005 | D:1      | Learned a level 3 spell: Dazzling Spray
  1767 | D:2      | Reached skill level 5 in Conjurations
  1830 | D:2      | Reached XP level 4. HP: 30/33 MP: 3/7
  1884 | D:2      | Noticed Jessica
  1892 | D:2      | Killed Jessica
  2102 | D:2      | You fall through a shaft!
  2113 | D:3      | Noticed an ogre
  2487 | D:3      | Killed an ogre
  2487 | D:3      | Reached skill level 1 in Maces & Flails
  2487 | D:3      | Reached XP level 5. HP: 39/39 MP: 3/9
  2947 | D:3      | Found a transporter.
  2948 | D:3      | Found a radiant altar of Vehumet.
  2971 | D:3      | Noticed a two-headed ogre
  2992 | D:3      | Found a transporter.
  3441 | D:3      | Reached skill level 1 in Fighting
  3634 | D:3      | Found a bloodstained altar of Trog.
  3636 | D:3      | Found an iron altar of Okawaru.
  3895 | D:4      | Learned a level 4 spell: Iskenderun's Mystic Blast
  3940 | D:4      | Noticed an ogre
  3947 | D:4      | Killed an ogre
  3947 | D:4      | Reached XP level 6. HP: 47/47 MP: 3/10
  4487 | D:4      | Found a sacrificial altar of Ru.
  4564 | D:4      | Found an opulent altar of Gozag.
  4681 | D:4      | Your scales start taking on a golden yellow colour.
  4681 | D:4      | Reached XP level 7. HP: 47/52 MP: 5/12
  4681 | D:4      | Gained mutation: You are resistant to acid. (rCorr) [Yellow
                  | Draconian growth]
  5153 | D:4      | Found an ancient bone altar of Kikubaaqudgha.
  5153 | D:4      | Found a white marble altar of Elyvilon.
  5535 | D:5      | Entered Level 5 of the Dungeon
  5579 | D:5      | Found a staircase to the Ecumenical Temple.
  5585 | Temple   | Entered the Ecumenical Temple
  6239 | D:5      | Reached skill level 6 in Conjurations
  6812 | D:6      | Found a glowing silver altar of Zin.
  7093 | D:6      | Reached skill level 5 in Spellcasting
  7093 | D:6      | Reached XP level 8. HP: 34/59 MP: 0/15
  7225 | D:6      | Found a basalt altar of Yredelemnul.
  7225 | D:6      | Found a glowing golden altar of the Shining One.
  7256 | D:6      | Reached skill level 7 in Conjurations
  7362 | D:6      | Noticed a profane servitor
  7378 | D:6      | Noticed an angel
  7766 | D:6      | HP: 3/62 [black bear (7)]
  8525 | D:7      | Found a burning altar of Makhleb.
  8527 | D:7      | Noticed a green death
  8532 | D:7      | Reached skill level 1 in Hexes
  9204 | D:7      | Noticed a hippogriff
  9216 | D:7      | Killed a hippogriff
  9216 | D:7      | Reached XP level 9. HP: 45/70 MP: 5/18
  9676 | D:7      | Reached skill level 8 in Conjurations
  9933 | D:8      | Reached skill level 5 in Dodging
 10288 | D:8      | Noticed a two-headed ogre
 10339 | D:8      | Noticed Pikel
 10359 | D:8      | Killed Pikel
 10588 | D:8      | Killed a two-headed ogre
 10588 | D:8      | Reached XP level 10. HP: 63/80 MP: 11/20
 11326 | D:8      | Found a staircase to the Lair.
 11569 | D:9      | Found a runed translucent door.
 11570 | D:9      | Noticed Sharpo's ghost (novice MiGl)
 11617 | D:9      | Slain by Sharpo's ghost

Skill      XL: |  1  2  3  4  5  6  7  8  9 |
---------------+----------------------------+-----
Stealth        | 2 3 4 |  4.1
Dodging        | 2 3 4 6 |  6.2
Conjurations   | 5 6 7 8 |  8.9
Maces & Flails | 1 2 3 4 |  4.1
Spellcasting   | 3 5 6 7 |  7.3
Fighting       | 1 3 4 |  4.5
Hexes          | 1 |  1.6

Action                   |  1- 3 |  4- 6 |  7- 9 | 10-12 || total
-------------------------+-------+-------+-------+-------++-------
Melee: Whip              |    31 |    31 |    78 |     5 ||   145
       Tailslap          |     3 |     5 |     9 |     1 ||    18
 Cast: Magic Dart        |    75 |   120 |   165 |    17 ||   377
       Searing Ray       |     1 |     9 |    38 |    11 ||    59
       Dazzling Spray    |       |       |     7 |     2 ||     9
 Abil: Breathe Acid      |       |       |     2 |       ||     2
  Use: Scroll            |     4 |    11 |     6 |     1 ||    22
       Potion            |       |       |     1 |       ||     1
  Eat: Chunk             |     4 |    10 |    12 |     2 ||    28
       Ration            |       |       |     2 |     1 ||     3
Armor: Skin              |    19 |    59 |    59 |     6 ||   143
Dodge: Dodged            |    37 |   138 |   165 |    27 ||   367
